Workbook

Sheet Assumptions
B2: Aldermere Filtration, reference AF-7. Blue cells are the only inputs.
B4: Parameter | C4: Value | D4: Unit
B5: Mean weekly demand | C5: 1840 | D5: units
B6: Standard deviation of weekly demand | C6: 462 | D6: units
B7: Weeks per year | C7: 52 | D7: weeks
B8: Mean replenishment lead time | C8: 6 | D8: weeks
B9: Standard deviation of lead time | C9: 1.9 | D9: weeks
B10: Selling price | C10: 47.5 | D10: EUR per unit
B11: Purchase cost delivered | C11: 28.6 | D11: EUR per unit
B12: Cost of capital | C12: 0.074 | D12: per year
B13: Storage | C13: 0.031 | D13: per year
B14: Obsolescence | C14: 0.0225 | D14: per year
B15: Insurance | C15: 0.0065 | D15: per year
B16: Cost of placing one order | C16: 385 | D16: EUR
B17: Cycle service level voted by the board | C17: 0.98 | D17: probability
B18: Unit margin | C18: =Assumptions!C10-Assumptions!C11 -> 18.9 | D18: EUR per unit
B19: Total holding rate | C19: =Assumptions!C12+Assumptions!C13+Assumptions!C14+Assumptions!C15 -> 0.134 | D19: per year
B20: Annual demand | C20: =Assumptions!C5*Assumptions!C7 -> 95680 | D20: units per year
B21: Holding cost of one unit for one year | C21: =Assumptions!C11*Assumptions!C19 -> 3.8324 | D21: EUR per unit per year
B22: Standard deviation of demand during lead time | C22: =SQRT(Assumptions!C8*Assumptions!C6^2+Assumptions!C5^2*Assumptions!C9^2) -> 3674.5993 | D22: units
B23: Economic order quantity | C23: =SQRT(2*Assumptions!C20*Assumptions!C16/Assumptions!C21) -> 4384.5046 | D23: units
B24: Orders per year | C24: =Assumptions!C20/Assumptions!C23 -> 21.822306 | D24: orders per year
B25: Annual ordering cost | C25: =Assumptions!C24*Assumptions!C16 -> 8401.5877 | D25: EUR per year
B26: z at the cycle service level voted by the board | C26: =_xlfn.NORM.S.INV(Assumptions!C17) -> 2.0537489 | D26: standard deviations
B27: Expected shortage per cycle, in sigma units | C27: =(_xlfn.NORM.S.DIST(Assumptions!C26,FALSE())-(Assumptions!C26)*(1-_xlfn.NORM.S.DIST(Assumptions!C26,TRUE()))) -> 0.0073431577 | D27: sigma units
B28: Units missing per year at the board service level | C28: =Assumptions!C22*Assumptions!C27*Assumptions!C24 -> 588.83481 | D28: units per year

Sheet Service level table
B2: The same stock read at every cycle service level
B4: Cycle service level | C4: z | D4: Safety stock | E4: Inventory value | F4: Holding cost | G4: Shortage cost | H4: Total cost | I4: Fill rate | J4: Units missing per year
B5: 0.9 | C5: =_xlfn.NORM.S.INV(B5) -> 1.2815516 | D5: =C5*Assumptions!C22 -> 4709.1885 | E5: =(Assumptions!C23/2+D5)*Assumptions!C11 -> 197381.21 | F5: =E5*Assumptions!C19 -> 26449.082 | G5: =J5*Assumptions!C18 -> 71751.306 | H5: =F5+G5+Assumptions!C25 -> 106601.98 | I5: =1-J5/Assumptions!C20 -> 0.96032227 | J5: =Assumptions!C22*(_xlfn.NORM.S.DIST(C5,FALSE())-(C5)*(1-_xlfn.NORM.S.DIST(C5,TRUE())))*Assumptions!C24 -> 3796.3654
B6: 0.95 | C6: =_xlfn.NORM.S.INV(B6) -> 1.6448536 | D6: =C6*Assumptions!C22 -> 6044.178 | E6: =(Assumptions!C23/2+D6)*Assumptions!C11 -> 235561.91 | F6: =E6*Assumptions!C19 -> 31565.295 | G6: =J6*Assumptions!C18 -> 31664.482 | H6: =F6+G6+Assumptions!C25 -> 71631.365 | I6: =1-J6/Assumptions!C20 -> 0.98248987 | J6: =Assumptions!C22*(_xlfn.NORM.S.DIST(C6,FALSE())-(C6)*(1-_xlfn.NORM.S.DIST(C6,TRUE())))*Assumptions!C24 -> 1675.3694
B7: 0.97 | C7: =_xlfn.NORM.S.INV(B7) -> 1.8807936 | D7: =C7*Assumptions!C22 -> 6911.1629 | E7: =(Assumptions!C23/2+D7)*Assumptions!C11 -> 260357.67 | F7: =E7*Assumptions!C19 -> 34887.928 | G7: =J7*Assumptions!C18 -> 17607.964 | H7: =F7+G7+Assumptions!C25 -> 60897.48 | I7: =1-J7/Assumptions!C20 -> 0.99026298 | J7: =Assumptions!C22*(_xlfn.NORM.S.DIST(C7,FALSE())-(C7)*(1-_xlfn.NORM.S.DIST(C7,TRUE())))*Assumptions!C24 -> 931.63833
B8: 0.98 | C8: =_xlfn.NORM.S.INV(B8) -> 2.0537489 | D8: =C8*Assumptions!C22 -> 7546.7043 | E8: =(Assumptions!C23/2+D8)*Assumptions!C11 -> 278534.16 | F8: =E8*Assumptions!C19 -> 37323.577 | G8: =J8*Assumptions!C18 -> 11128.978 | H8: =F8+G8+Assumptions!C25 -> 56854.143 | I8: =1-J8/Assumptions!C20 -> 0.99384579 | J8: =Assumptions!C22*(_xlfn.NORM.S.DIST(C8,FALSE())-(C8)*(1-_xlfn.NORM.S.DIST(C8,TRUE())))*Assumptions!C24 -> 588.83481
B9: 0.99 | C9: =_xlfn.NORM.S.INV(B9) -> 2.3263479 | D9: =C9*Assumptions!C22 -> 8548.3963 | E9: =(Assumptions!C23/2+D9)*Assumptions!C11 -> 307182.55 | F9: =E9*Assumptions!C19 -> 41162.462 | G9: =J9*Assumptions!C18 -> 5135.7144 | H9: =F9+G9+Assumptions!C25 -> 54699.764 | I9: =1-J9/Assumptions!C20 -> 0.99716 | J9: =Assumptions!C22*(_xlfn.NORM.S.DIST(C9,FALSE())-(C9)*(1-_xlfn.NORM.S.DIST(C9,TRUE())))*Assumptions!C24 -> 271.73092
B10: 0.995 | C10: =_xlfn.NORM.S.INV(B10) -> 2.5758293 | D10: =C10*Assumptions!C22 -> 9465.1406 | E10: =(Assumptions!C23/2+D10)*Assumptions!C11 -> 333401.44 | F10: =E10*Assumptions!C19 -> 44675.792 | G10: =J10*Assumptions!C18 -> 2395.485 | H10: =F10+G10+Assumptions!C25 -> 55472.865 | I10: =1-J10/Assumptions!C20 -> 0.99867532 | J10: =Assumptions!C22*(_xlfn.NORM.S.DIST(C10,FALSE())-(C10)*(1-_xlfn.NORM.S.DIST(C10,TRUE())))*Assumptions!C24 -> 126.74524
B11: 0.999 | C11: =_xlfn.NORM.S.INV(B11) -> 3.0902323 | D11: =C11*Assumptions!C22 -> 11355.365 | E11: =(Assumptions!C23/2+D11)*Assumptions!C11 -> 387461.87 | F11: =E11*Assumptions!C19 -> 51919.89 | G11: =J11*Assumptions!C18 -> 419.59388 | H11: =F11+G11+Assumptions!C25 -> 60741.072 | I11: =1-J11/Assumptions!C20 -> 0.99976797 | J11: =Assumptions!C22*(_xlfn.NORM.S.DIST(C11,FALSE())-(C11)*(1-_xlfn.NORM.S.DIST(C11,TRUE())))*Assumptions!C24 -> 22.200734

Sheet Fill rate solver
B2: Settings of the search
B4: Setting | C4: Value
B5: Target fill rate | C5: 0.98
B6: Lower bound on z | C6: -8
B7: Upper bound on z | C7: 8
B8: Expected shortage per cycle required, in sigma units | C8: =(1-C5)*Assumptions!C23/Assumptions!C22 -> 0.023863852
B10: Result of the search
B12: Result | C12: Value
B13: Status of the search | C13: =IF(AND(ABS(AY24-AY23)<0.000000001,ABS(AY26-C8)<0.000000001),"CONVERGED","NOT CONVERGED") -> CONVERGED
B14: Width of the bracket at the last step | C14: =ABS(AY24-AY23) -> 5.6843419e-14
B15: Gap to the required expected shortage | C15: =ABS(AY26-C8) -> 8.0491169e-16
B16: z that delivers the target fill rate | C16: =AY25 -> 1.5887798
B17: Cycle service level that delivers the target fill rate | C17: =_xlfn.NORM.S.DIST(C16,TRUE()) -> 0.94394494
B18: Fill rate obtained | C18: =1-Assumptions!C22*(_xlfn.NORM.S.DIST(C16,FALSE())-(C16)*(1-_xlfn.NORM.S.DIST(C16,TRUE())))/Assumptions!C23 -> 0.98
B20: The search itself, one bisection step per column
B22: Bisection on z | C22: Start | D22: 1 | E22: 2 | F22: 3 | G22: 4 | H22: 5 | I22: 6 | J22: 7 | K22: 8 | L22: 9 | M22: 10 | N22: 11 | O22: 12 | P22: 13 | Q22: 14 | R22: 15 | S22: 16 | T22: 17 | U22: 18 | V22: 19 | W22: 20 | X22: 21 | Y22: 22 | Z22: 23 | AA22: 24 | AB22: 25 | AC22: 26 | AD22: 27 | AE22: 28 | AF22: 29 | AG22: 30 | AH22: 31 | AI22: 32 | AJ22: 33 | AK22: 34 | AL22: 35 | AM22: 36 | AN22: 37 | AO22: 38 | AP22: 39 | AQ22: 40 | AR22: 41 | AS22: 42 | AT22: 43 | AU22: 44 | AV22: 45 | AW22: 46 | AX22: 47 | AY22: 48
B23: Lower bound on z | C23: =C6 -> -8 | D23: =IF(C26>$C$8,C25,C23) -> 0 | E23: =IF(D26>$C$8,D25,D23) -> 0 | F23: =IF(E26>$C$8,E25,E23) -> 0 | G23: =IF(F26>$C$8,F25,F23) -> 1 | H23: =IF(G26>$C$8,G25,G23) -> 1.5 | I23: =IF(H26>$C$8,H25,H23) -> 1.5 | J23: =IF(I26>$C$8,I25,I23) -> 1.5 | K23: =IF(J26>$C$8,J25,J23) -> 1.5625 | ... AY23: =IF(AX26>$C$8,AX25,AX23) -> 1.5887798
B24: Upper bound on z | C24: =C7 -> 8 | D24: =IF(C26>$C$8,C24,C25) -> 8 | E24: =IF(D26>$C$8,D24,D25) -> 4 | F24: =IF(E26>$C$8,E24,E25) -> 2 | G24: =IF(F26>$C$8,F24,F25) -> 2 | H24: =IF(G26>$C$8,G24,G25) -> 2 | I24: =IF(H26>$C$8,H24,H25) -> 1.75 | J24: =IF(I26>$C$8,I24,I25) -> 1.625 | K24: =IF(J26>$C$8,J24,J25) -> 1.625 | ... AY24: =IF(AX26>$C$8,AX24,AX25) -> 1.5887798
B25: Midpoint z | C25: =(C23+C24)/2 -> 0 | D25: =(D23+D24)/2 -> 4 | E25: =(E23+E24)/2 -> 2 | F25: =(F23+F24)/2 -> 1 | G25: =(G23+G24)/2 -> 1.5 | H25: =(H23+H24)/2 -> 1.75 | I25: =(I23+I24)/2 -> 1.625 | J25: =(J23+J24)/2 -> 1.5625 | ... AY25: =(AY23+AY24)/2 -> 1.5887798
B26: Expected shortage per cycle at the midpoint | C26: =(_xlfn.NORM.S.DIST(C25,FALSE())-(C25)*(1-_xlfn.NORM.S.DIST(C25,TRUE()))) -> 0.39894228 | D26: =(_xlfn.NORM.S.DIST(D25,FALSE())-(D25)*(1-_xlfn.NORM.S.DIST(D25,TRUE()))) -> 7.1452584e-06 | E26: =(_xlfn.NORM.S.DIST(E25,FALSE())-(E25)*(1-_xlfn.NORM.S.DIST(E25,TRUE()))) -> 0.0084907026 | F26: =(_xlfn.NORM.S.DIST(F25,FALSE())-(F25)*(1-_xlfn.NORM.S.DIST(F25,TRUE()))) -> 0.083315471 | G26: =(_xlfn.NORM.S.DIST(G25,FALSE())-(G25)*(1-_xlfn.NORM.S.DIST(G25,TRUE()))) -> 0.029306794 | H26: =(_xlfn.NORM.S.DIST(H25,FALSE())-(H25)*(1-_xlfn.NORM.S.DIST(H25,TRUE()))) -> 0.016173794 | I26: =(_xlfn.NORM.S.DIST(I25,FALSE())-(I25)*(1-_xlfn.NORM.S.DIST(I25,TRUE()))) -> 0.021906189 | J26: =(_xlfn.NORM.S.DIST(J25,FALSE())-(J25)*(1-_xlfn.NORM.S.DIST(J25,TRUE()))) -> 0.025376507 | ... AY26: =(_xlfn.NORM.S.DIST(AY25,FALSE())-(AY25)*(1-_xlfn.NORM.S.DIST(AY25,TRUE()))) -> 0.023863852

Sheet Three policies
B2: The same reference, read three ways
B4: Policy | C4: Cycle service level | D4: z | E4: Safety stock | F4: Inventory value | G4: Holding cost | H4: Shortage cost | I4: Total cost | J4: Fill rate | K4: Units missing per year
B5: Board vote | C5: =Assumptions!C17 -> 0.98 | D5: =_xlfn.NORM.S.INV(C5) -> 2.0537489 | E5: =D5*Assumptions!C22 -> 7546.7043 | F5: =(Assumptions!C23/2+E5)*Assumptions!C11 -> 278534.16 | G5: =F5*Assumptions!C19 -> 37323.577 | H5: =K5*Assumptions!C18 -> 11128.978 | I5: =G5+H5+Assumptions!C25 -> 56854.143 | J5: =1-K5/Assumptions!C20 -> 0.99384579 | K5: =Assumptions!C22*(_xlfn.NORM.S.DIST(D5,FALSE())-(D5)*(1-_xlfn.NORM.S.DIST(D5,TRUE())))*Assumptions!C24 -> 588.83481
B6: 98 % fill rate | C6: ='Fill rate solver'!C17 -> 0.94394494 | D6: =_xlfn.NORM.S.INV(C6) -> 1.5887798 | E6: =D6*Assumptions!C22 -> 5838.1291 | F6: =(Assumptions!C23/2+E6)*Assumptions!C11 -> 229668.91 | G6: =F6*Assumptions!C19 -> 30775.634 | H6: =K6*Assumptions!C18 -> 36167.04 | I6: =G6+H6+Assumptions!C25 -> 75344.261 | J6: =1-K6/Assumptions!C20 -> 0.98 | K6: =Assumptions!C22*(_xlfn.NORM.S.DIST(D6,FALSE())-(D6)*(1-_xlfn.NORM.S.DIST(D6,TRUE())))*Assumptions!C24 -> 1913.6
B7: Economic optimum | C7: =1-Assumptions!C23*Assumptions!C21/(Assumptions!C20*Assumptions!C18) -> 0.99070802 | D7: =_xlfn.NORM.S.INV(C7) -> 2.3537728 | E7: =D7*Assumptions!C22 -> 8649.1719 | F7: =(Assumptions!C23/2+E7)*Assumptions!C11 -> 310064.73 | G7: =F7*Assumptions!C19 -> 41548.674 | H7: =K7*Assumptions!C18 -> 4734.9451 | I7: =G7+H7+Assumptions!C25 -> 54685.207 | J7: =1-K7/Assumptions!C20 -> 0.99738162 | K7: =Assumptions!C22*(_xlfn.NORM.S.DIST(D7,FALSE())-(D7)*(1-_xlfn.NORM.S.DIST(D7,TRUE())))*Assumptions!C24 -> 250.5262
B8: Inventory value released, board vote to 98 % fill rate | F8: =F5-F6 -> 48865.251
B9: Change in total cost, board vote to 98 % fill rate | I9: =I6-I5 -> 18490.118
B10: Total cost gap, board vote to economic optimum | I10: =I5-I7 -> 2168.9359
B11: Whole dispute over the service level, 97 % to 99.5 % | I11: =MAX('Service level table'!H7:H10)-MIN('Service level table'!H7:H10) -> 6197.7167

Sheet Checks
B2: Every figure printed in the book, reproduced here
B4: Figure | C4: Book | D4: Workbook | E4: Difference | F4: Status
B5: Service level table, 90.00 % : z | C5: 1.2815516 | D5: ='Service level table'!C5 -> 1.2815516 | E5: =ABS(C5-D5) -> 2.9576341e-13 | F5: =IF(E5<=0.000000001*MAX(1,ABS(C5)),"OK","CHECK") -> OK
B6: Service level table, 90.00 % : safety stock | C6: 4709.1885 | D6: ='Service level table'!D5 -> 4709.1885 | E6: =ABS(C6-D6) -> 1.0868462e-09 | F6: =IF(E6<=0.000000001*MAX(1,ABS(C6)),"OK","CHECK") -> OK
B7: Service level table, 90.00 % : inventory value | C7: 197381.21 | D7: ='Service level table'!E5 -> 197381.21 | E7: =ABS(C7-D7) -> 3.1053787e-08 | F7: =IF(E7<=0.000000001*MAX(1,ABS(C7)),"OK","CHECK") -> OK
B8: Service level table, 90.00 % : holding cost | C8: 26449.082 | D8: ='Service level table'!F5 -> 26449.082 | E8: =ABS(C8-D8) -> 4.1654857e-09 | F8: =IF(E8<=0.000000001*MAX(1,ABS(C8)),"OK","CHECK") -> OK
B9: Service level table, 90.00 % : shortage cost | C9: 71751.306 | D9: ='Service level table'!G5 -> 71751.306 | E9: =ABS(C9-D9) -> 4.4761691e-08 | F9: =IF(E9<=0.000000001*MAX(1,ABS(C9)),"OK","CHECK") -> OK
B10: Service level table, 90.00 % : total cost | C10: 106601.98 | D10: ='Service level table'!H5 -> 106601.98 | E10: =ABS(C10-D10) -> 4.0585292e-08 | F10: =IF(E10<=0.000000001*MAX(1,ABS(C10)),"OK","CHECK") -> OK
B11: Service level table, 90.00 % : fill rate | C11: 0.96032227 | D11: ='Service level table'!I5 -> 0.96032227 | E11: =ABS(C11-D11) -> 2.4757973e-14 | F11: =IF(E11<=0.000000001*MAX(1,ABS(C11)),"OK","CHECK") -> OK
B12: Service level table, 90.00 % : units missing per year | C12: 3796.3654 | D12: ='Service level table'!J5 -> 3796.3654 | E12: =ABS(C12-D12) -> 2.3683242e-09 | F12: =IF(E12<=0.000000001*MAX(1,ABS(C12)),"OK","CHECK") -> OK
B13: Service level table, 95.00 % : z | C13: 1.6448536 | D13: ='Service level table'!C6 -> 1.6448536 | E13: =ABS(C13-D13) -> 1.5454305e-13 | F13: =IF(E13<=0.000000001*MAX(1,ABS(C13)),"OK","CHECK") -> OK
B14: Service level table, 95.00 % : safety stock | C14: 6044.178 | D14: ='Service level table'!D6 -> 6044.178 | E14: =ABS(C14-D14) -> 5.6752469e-10 | F14: =IF(E14<=0.000000001*MAX(1,ABS(C14)),"OK","CHECK") -> OK
B15: Service level table, 95.00 % : inventory value | C15: 235561.91 | D15: ='Service level table'!E6 -> 235561.91 | E15: =ABS(C15-D15) -> 1.618173e-08 | F15: =IF(E15<=0.000000001*MAX(1,ABS(C15)),"OK","CHECK") -> OK
B16: Service level table, 95.00 % : holding cost | C16: 31565.295 | D16: ='Service level table'!F6 -> 31565.295 | E16: =ABS(C16-D16) -> 2.1791493e-09 | F16: =IF(E16<=0.000000001*MAX(1,ABS(C16)),"OK","CHECK") -> OK
B17: Service level table, 95.00 % : shortage cost | C17: 31664.482 | D17: ='Service level table'!G6 -> 31664.482 | E17: =ABS(C17-D17) -> 1.1594238e-08 | F17: =IF(E17<=0.000000001*MAX(1,ABS(C17)),"OK","CHECK") -> OK
B18: Service level table, 95.00 % : total cost | C18: 71631.365 | D18: ='Service level table'!H6 -> 71631.365 | E18: =ABS(C18-D18) -> 9.4150892e-09 | F18: =IF(E18<=0.000000001*MAX(1,ABS(C18)),"OK","CHECK") -> OK
B19: Service level table, 95.00 % : fill rate | C19: 0.98248987 | D19: ='Service level table'!I6 -> 0.98248987 | E19: =ABS(C19-D19) -> 6.3282712e-15 | F19: =IF(E19<=0.000000001*MAX(1,ABS(C19)),"OK","CHECK") -> OK
B20: Service level table, 95.00 % : units missing per year | C20: 1675.3694 | D20: ='Service level table'!J6 -> 1675.3694 | E20: =ABS(C20-D20) -> 6.1345418e-10 | F20: =IF(E20<=0.000000001*MAX(1,ABS(C20)),"OK","CHECK") -> OK
B21: Service level table, 97.00 % : z | C21: 1.8807936 | D21: ='Service level table'!C7 -> 1.8807936 | E21: =ABS(C21-D21) -> 3.8458126e-13 | F21: =IF(E21<=0.000000001*MAX(1,ABS(C21)),"OK","CHECK") -> OK
B22: Service level table, 97.00 % : safety stock | C22: 6911.1629 | D22: ='Service level table'!D7 -> 6911.1629 | E22: =ABS(C22-D22) -> 1.4115358e-09 | F22: =IF(E22<=0.000000001*MAX(1,ABS(C22)),"OK","CHECK") -> OK
B23: Service level table, 97.00 % : inventory value | C23: 260357.67 | D23: ='Service level table'!E7 -> 260357.67 | E23: =ABS(C23-D23) -> 4.0337909e-08 | F23: =IF(E23<=0.000000001*MAX(1,ABS(C23)),"OK","CHECK") -> OK
B24: Service level table, 97.00 % : holding cost | C24: 34887.928 | D24: ='Service level table'!F7 -> 34887.928 | E24: =ABS(C24-D24) -> 5.4133125e-09 | F24: =IF(E24<=0.000000001*MAX(1,ABS(C24)),"OK","CHECK") -> OK
B25: Service level table, 97.00 % : shortage cost | C25: 17607.964 | D25: ='Service level table'!G7 -> 17607.964 | E25: =ABS(C25-D25) -> 1.7302227e-08 | F25: =IF(E25<=0.000000001*MAX(1,ABS(C25)),"OK","CHECK") -> OK
B26: Service level table, 97.00 % : total cost | C26: 60897.48 | D26: ='Service level table'!H7 -> 60897.48 | E26: =ABS(C26-D26) -> 1.1888915e-08 | F26: =IF(E26<=0.000000001*MAX(1,ABS(C26)),"OK","CHECK") -> OK
B27: Service level table, 97.00 % : fill rate | C27: 0.99026298 | D27: ='Service level table'!I7 -> 0.99026298 | E27: =ABS(C27-D27) -> 9.547918e-15 | F27: =IF(E27<=0.000000001*MAX(1,ABS(C27)),"OK","CHECK") -> OK
B28: Service level table, 97.00 % : units missing per year | C28: 931.63833 | D28: ='Service level table'!J7 -> 931.63833 | E28: =ABS(C28-D28) -> 9.1529273e-10 | F28: =IF(E28<=0.000000001*MAX(1,ABS(C28)),"OK","CHECK") -> OK
B29: Service level table, 98.00 % : z | C29: 2.0537489 | D29: ='Service level table'!C8 -> 2.0537489 | E29: =ABS(C29-D29) -> 4.3787196e-13 | F29: =IF(E29<=0.000000001*MAX(1,ABS(C29)),"OK","CHECK") -> OK
B30: Service level table, 98.00 % : safety stock | C30: 7546.7043 | D30: ='Service level table'!D8 -> 7546.7043 | E30: =ABS(C30-D30) -> 1.6088961e-09 | F30: =IF(E30<=0.000000001*MAX(1,ABS(C30)),"OK","CHECK") -> OK
B31: Service level table, 98.00 % : inventory value | C31: 278534.16 | D31: ='Service level table'!E8 -> 278534.16 | E31: =ABS(C31-D31) -> 4.6100467e-08 | F31: =IF(E31<=0.000000001*MAX(1,ABS(C31)),"OK","CHECK") -> OK
B32: Service level table, 98.00 % : holding cost | C32: 37323.577 | D32: ='Service level table'!F8 -> 37323.577 | E32: =ABS(C32-D32) -> 6.1700121e-09 | F32: =IF(E32<=0.000000001*MAX(1,ABS(C32)),"OK","CHECK") -> OK
B33: Service level table, 98.00 % : shortage cost | C33: 11128.978 | D33: ='Service level table'!G8 -> 11128.978 | E33: =ABS(C33-D33) -> 1.2913006e-08 | F33: =IF(E33<=0.000000001*MAX(1,ABS(C33)),"OK","CHECK") -> OK
B34: Service level table, 98.00 % : total cost | C34: 56854.143 | D34: ='Service level table'!H8 -> 56854.143 | E34: =ABS(C34-D34) -> 6.7448127e-09 | F34: =IF(E34<=0.000000001*MAX(1,ABS(C34)),"OK","CHECK") -> OK
B35: Service level table, 98.00 % : fill rate | C35: 0.99384579 | D35: ='Service level table'!I8 -> 0.99384579 | E35: =ABS(C35-D35) -> 7.1054274e-15 | F35: =IF(E35<=0.000000001*MAX(1,ABS(C35)),"OK","CHECK") -> OK
B36: Service level table, 98.00 % : units missing per year | C36: 588.83481 | D36: ='Service level table'!J8 -> 588.83481 | E36: =ABS(C36-D36) -> 6.8325789e-10 | F36: =IF(E36<=0.000000001*MAX(1,ABS(C36)),"OK","CHECK") -> OK
B37: Service level table, 99.00 % : z | C37: 2.3263479 | D37: ='Service level table'!C9 -> 2.3263479 | E37: =ABS(C37-D37) -> 3.4772185e-13 | F37: =IF(E37<=0.000000001*MAX(1,ABS(C37)),"OK","CHECK") -> OK
B38: Service level table, 99.00 % : safety stock | C38: 8548.3963 | D38: ='Service level table'!D9 -> 8548.3963 | E38: =ABS(C38-D38) -> 1.2769306e-09 | F38: =IF(E38<=0.000000001*MAX(1,ABS(C38)),"OK","CHECK") -> OK
B39: Service level table, 99.00 % : inventory value | C39: 307182.55 | D39: ='Service level table'!E9 -> 307182.55 | E39: =ABS(C39-D39) -> 3.6496203e-08 | F39: =IF(E39<=0.000000001*MAX(1,ABS(C39)),"OK","CHECK") -> OK
B40: Service level table, 99.00 % : holding cost | C40: 41162.462 | D40: ='Service level table'!F9 -> 41162.462 | E40: =ABS(C40-D40) -> 4.8894435e-09 | F40: =IF(E40<=0.000000001*MAX(1,ABS(C40)),"OK","CHECK") -> OK
B41: Service level table, 99.00 % : shortage cost | C41: 5135.7144 | D41: ='Service level table'!G9 -> 5135.7144 | E41: =ABS(C41-D41) -> 5.0058588e-09 | F41: =IF(E41<=0.000000001*MAX(1,ABS(C41)),"OK","CHECK") -> OK
B42: Service level table, 99.00 % : total cost | C42: 54699.764 | D42: ='Service level table'!H9 -> 54699.764 | E42: =ABS(C42-D42) -> 0 | F42: =IF(E42<=0.000000001*MAX(1,ABS(C42)),"OK","CHECK") -> OK
B43: Service level table, 99.00 % : fill rate | C43: 0.99716 | D43: ='Service level table'!I9 -> 0.99716 | E43: =ABS(C43-D43) -> 0 | F43: =IF(E43<=0.000000001*MAX(1,ABS(C43)),"OK","CHECK") -> OK
B44: Service level table, 99.00 % : units missing per year | C44: 271.73092 | D44: ='Service level table'!J9 -> 271.73092 | E44: =ABS(C44-D44) -> 2.6489033e-10 | F44: =IF(E44<=0.000000001*MAX(1,ABS(C44)),"OK","CHECK") -> OK
B45: Service level table, 99.50 % : z | C45: 2.5758293 | D45: ='Service level table'!C10 -> 2.5758293 | E45: =ABS(C45-D45) -> 2.9887204e-13 | F45: =IF(E45<=0.000000001*MAX(1,ABS(C45)),"OK","CHECK") -> OK
B46: Service level table, 99.50 % : safety stock | C46: 9465.1406 | D46: ='Service level table'!D10 -> 9465.1406 | E46: =ABS(C46-D46) -> 1.0986696e-09 | F46: =IF(E46<=0.000000001*MAX(1,ABS(C46)),"OK","CHECK") -> OK
B47: Service level table, 99.50 % : inventory value | C47: 333401.44 | D47: ='Service level table'!E10 -> 333401.44 | E47: =ABS(C47-D47) -> 3.1373929e-08 | F47: =IF(E47<=0.000000001*MAX(1,ABS(C47)),"OK","CHECK") -> OK
B48: Service level table, 99.50 % : holding cost | C48: 44675.792 | D48: ='Service level table'!F10 -> 44675.792 | E48: =ABS(C48-D48) -> 4.1982275e-09 | F48: =IF(E48<=0.000000001*MAX(1,ABS(C48)),"OK","CHECK") -> OK
B49: Service level table, 99.50 % : shortage cost | C49: 2395.485 | D49: ='Service level table'!G10 -> 2395.485 | E49: =ABS(C49-D49) -> 2.2350832e-09 | F49: =IF(E49<=0.000000001*MAX(1,ABS(C49)),"OK","CHECK") -> OK
B50: Service level table, 99.50 % : total cost | C50: 55472.865 | D50: ='Service level table'!H10 -> 55472.865 | E50: =ABS(C50-D50) -> 1.9717845e-09 | F50: =IF(E50<=0.000000001*MAX(1,ABS(C50)),"OK","CHECK") -> OK
B51: Service level table, 99.50 % : fill rate | C51: 0.99867532 | D51: ='Service level table'!I10 -> 0.99867532 | E51: =ABS(C51-D51) -> 0 | F51: =IF(E51<=0.000000001*MAX(1,ABS(C51)),"OK","CHECK") -> OK
B52: Service level table, 99.50 % : units missing per year | C52: 126.74524 | D52: ='Service level table'!J10 -> 126.74524 | E52: =ABS(C52-D52) -> 1.1827694e-10 | F52: =IF(E52<=0.000000001*MAX(1,ABS(C52)),"OK","CHECK") -> OK
B53: Service level table, 99.90 % : z | C53: 3.0902323 | D53: ='Service level table'!C11 -> 3.0902323 | E53: =ABS(C53-D53) -> 5.0182081e-14 | F53: =IF(E53<=0.000000001*MAX(1,ABS(C53)),"OK","CHECK") -> OK
B54: Service level table, 99.90 % : safety stock | C54: 11355.365 | D54: ='Service level table'!D11 -> 11355.365 | E54: =ABS(C54-D54) -> 1.8007995e-10 | F54: =IF(E54<=0.000000001*MAX(1,ABS(C54)),"OK","CHECK") -> OK
B55: Service level table, 99.90 % : inventory value | C55: 387461.87 | D55: ='Service level table'!E11 -> 387461.87 | E55: =ABS(C55-D55) -> 5.2386895e-09 | F55: =IF(E55<=0.000000001*MAX(1,ABS(C55)),"OK","CHECK") -> OK
B56: Service level table, 99.90 % : holding cost | C56: 51919.89 | D56: ='Service level table'!F11 -> 51919.89 | E56: =ABS(C56-D56) -> 7.0576789e-10 | F56: =IF(E56<=0.000000001*MAX(1,ABS(C56)),"OK","CHECK") -> OK
B57: Service level table, 99.90 % : shortage cost | C57: 419.59388 | D57: ='Service level table'!G11 -> 419.59388 | E57: =ABS(C57-D57) -> 3.3907099e-10 | F57: =IF(E57<=0.000000001*MAX(1,ABS(C57)),"OK","CHECK") -> OK
B58: Service level table, 99.90 % : total cost | C58: 60741.072 | D58: ='Service level table'!H11 -> 60741.072 | E58: =ABS(C58-D58) -> 3.7107384e-10 | F58: =IF(E58<=0.000000001*MAX(1,ABS(C58)),"OK","CHECK") -> OK
B59: Service level table, 99.90 % : fill rate | C59: 0.99976797 | D59: ='Service level table'!I11 -> 0.99976797 | E59: =ABS(C59-D59) -> 0 | F59: =IF(E59<=0.000000001*MAX(1,ABS(C59)),"OK","CHECK") -> OK
B60: Service level table, 99.90 % : units missing per year | C60: 22.200734 | D60: ='Service level table'!J11 -> 22.200734 | E60: =ABS(C60-D60) -> 1.7941204e-11 | F60: =IF(E60<=0.000000001*MAX(1,ABS(C60)),"OK","CHECK") -> OK
B61: Three policies, board vote : cycle service level | C61: 0.98 | D61: ='Three policies'!C5 -> 0.98 | E61: =ABS(C61-D61) -> 0 | F61: =IF(E61<=0.000000001*MAX(1,ABS(C61)),"OK","CHECK") -> OK
B62: Three policies, board vote : z | C62: 2.0537489 | D62: ='Three policies'!D5 -> 2.0537489 | E62: =ABS(C62-D62) -> 4.3787196e-13 | F62: =IF(E62<=0.000000001*MAX(1,ABS(C62)),"OK","CHECK") -> OK
B63: Three policies, board vote : safety stock | C63: 7546.7043 | D63: ='Three policies'!E5 -> 7546.7043 | E63: =ABS(C63-D63) -> 1.6088961e-09 | F63: =IF(E63<=0.000000001*MAX(1,ABS(C63)),"OK","CHECK") -> OK
B64: Three policies, board vote : inventory value | C64: 278534.16 | D64: ='Three policies'!F5 -> 278534.16 | E64: =ABS(C64-D64) -> 4.6100467e-08 | F64: =IF(E64<=0.000000001*MAX(1,ABS(C64)),"OK","CHECK") -> OK
B65: Three policies, board vote : holding cost | C65: 37323.577 | D65: ='Three policies'!G5 -> 37323.577 | E65: =ABS(C65-D65) -> 6.1700121e-09 | F65: =IF(E65<=0.000000001*MAX(1,ABS(C65)),"OK","CHECK") -> OK
B66: Three policies, board vote : shortage cost | C66: 11128.978 | D66: ='Three policies'!H5 -> 11128.978 | E66: =ABS(C66-D66) -> 1.2913006e-08 | F66: =IF(E66<=0.000000001*MAX(1,ABS(C66)),"OK","CHECK") -> OK
B67: Three policies, board vote : total cost | C67: 56854.143 | D67: ='Three policies'!I5 -> 56854.143 | E67: =ABS(C67-D67) -> 6.7448127e-09 | F67: =IF(E67<=0.000000001*MAX(1,ABS(C67)),"OK","CHECK") -> OK
B68: Three policies, board vote : fill rate | C68: 0.99384579 | D68: ='Three policies'!J5 -> 0.99384579 | E68: =ABS(C68-D68) -> 7.1054274e-15 | F68: =IF(E68<=0.000000001*MAX(1,ABS(C68)),"OK","CHECK") -> OK
B69: Three policies, board vote : units missing per year | C69: 588.83481 | D69: ='Three policies'!K5 -> 588.83481 | E69: =ABS(C69-D69) -> 6.8325789e-10 | F69: =IF(E69<=0.000000001*MAX(1,ABS(C69)),"OK","CHECK") -> OK
B70: Three policies, 98 % fill rate : cycle service level | C70: 0.94394494 | D70: ='Three policies'!C6 -> 0.94394494 | E70: =ABS(C70-D70) -> 2.4624747e-13 | F70: =IF(E70<=0.000000001*MAX(1,ABS(C70)),"OK","CHECK") -> OK
B71: Three policies, 98 % fill rate : z | C71: 1.5887798 | D71: ='Three policies'!D6 -> 1.5887798 | E71: =ABS(C71-D71) -> 2.5295321e-12 | F71: =IF(E71<=0.000000001*MAX(1,ABS(C71)),"OK","CHECK") -> OK
B72: Three policies, 98 % fill rate : safety stock | C72: 5838.1291 | D72: ='Three policies'!E6 -> 5838.1291 | E72: =ABS(C72-D72) -> 9.2941264e-09 | F72: =IF(E72<=0.000000001*MAX(1,ABS(C72)),"OK","CHECK") -> OK
B73: Three policies, 98 % fill rate : inventory value | C73: 229668.91 | D73: ='Three policies'!F6 -> 229668.91 | E73: =ABS(C73-D73) -> 2.6580528e-07 | F73: =IF(E73<=0.000000001*MAX(1,ABS(C73)),"OK","CHECK") -> OK
B74: Three policies, 98 % fill rate : holding cost | C74: 30775.634 | D74: ='Three policies'!G6 -> 30775.634 | E74: =ABS(C74-D74) -> 3.5615813e-08 | F74: =IF(E74<=0.000000001*MAX(1,ABS(C74)),"OK","CHECK") -> OK
B75: Three policies, 98 % fill rate : shortage cost | C75: 36167.04 | D75: ='Three policies'!H6 -> 36167.04 | E75: =ABS(C75-D75) -> 2.150191e-07 | F75: =IF(E75<=0.000000001*MAX(1,ABS(C75)),"OK","CHECK") -> OK
B76: Three policies, 98 % fill rate : total cost | C76: 75344.261 | D76: ='Three policies'!I6 -> 75344.261 | E76: =ABS(C76-D76) -> 1.7939601e-07 | F76: =IF(E76<=0.000000001*MAX(1,ABS(C76)),"OK","CHECK") -> OK
B77: Three policies, 98 % fill rate : fill rate | C77: 0.98 | D77: ='Three policies'!J6 -> 0.98 | E77: =ABS(C77-D77) -> 1.1890489e-13 | F77: =IF(E77<=0.000000001*MAX(1,ABS(C77)),"OK","CHECK") -> OK
B78: Three policies, 98 % fill rate : units missing per year | C78: 1913.6 | D78: ='Three policies'!K6 -> 1913.6 | E78: =ABS(C78-D78) -> 1.1376869e-08 | F78: =IF(E78<=0.000000001*MAX(1,ABS(C78)),"OK","CHECK") -> OK
B79: Three policies, economic optimum : cycle service level | C79: 0.99070802 | D79: ='Three policies'!C7 -> 0.99070802 | E79: =ABS(C79-D79) -> 0 | F79: =IF(E79<=0.000000001*MAX(1,ABS(C79)),"OK","CHECK") -> OK
B80: Three policies, economic optimum : z | C80: 2.3537728 | D80: ='Three policies'!D7 -> 2.3537728 | E80: =ABS(C80-D80) -> 4.1477932e-13 | F80: =IF(E80<=0.000000001*MAX(1,ABS(C80)),"OK","CHECK") -> OK
B81: Three policies, economic optimum : safety stock | C81: 8649.1719 | D81: ='Three policies'!E7 -> 8649.1719 | E81: =ABS(C81-D81) -> 1.5243131e-09 | F81: =IF(E81<=0.000000001*MAX(1,ABS(C81)),"OK","CHECK") -> OK
B82: Three policies, economic optimum : inventory value | C82: 310064.73 | D82: ='Three policies'!F7 -> 310064.73 | E82: =ABS(C82-D82) -> 4.353933e-08 | F82: =IF(E82<=0.000000001*MAX(1,ABS(C82)),"OK","CHECK") -> OK
B83: Three policies, economic optimum : holding cost | C83: 41548.674 | D83: ='Three policies'!G7 -> 41548.674 | E83: =ABS(C83-D83) -> 5.842594e-09 | F83: =IF(E83<=0.000000001*MAX(1,ABS(C83)),"OK","CHECK") -> OK
B84: Three policies, economic optimum : shortage cost | C84: 4734.9451 | D84: ='Three policies'!H7 -> 4734.9451 | E84: =ABS(C84-D84) -> 5.9999365e-09 | F84: =IF(E84<=0.000000001*MAX(1,ABS(C84)),"OK","CHECK") -> OK
B85: Three policies, economic optimum : total cost | C85: 54685.207 | D85: ='Three policies'!I7 -> 54685.207 | E85: =ABS(C85-D85) -> 0 | F85: =IF(E85<=0.000000001*MAX(1,ABS(C85)),"OK","CHECK") -> OK
B86: Three policies, economic optimum : fill rate | C86: 0.99738162 | D86: ='Three policies'!J7 -> 0.99738162 | E86: =ABS(C86-D86) -> 0 | F86: =IF(E86<=0.000000001*MAX(1,ABS(C86)),"OK","CHECK") -> OK
B87: Three policies, economic optimum : units missing per year | C87: 250.5262 | D87: ='Three policies'!K7 -> 250.5262 | E87: =ABS(C87-D87) -> 3.1741365e-10 | F87: =IF(E87<=0.000000001*MAX(1,ABS(C87)),"OK","CHECK") -> OK
B88: Inventory value released, board vote to 98 % fill rate | C88: 48865.251 | D88: ='Three policies'!F8 -> 48865.251 | E88: =ABS(C88-D88) -> 3.1184754e-07 | F88: =IF(E88<=0.000000001*MAX(1,ABS(C88)),"OK","CHECK") -> OK
B89: Change in total cost, board vote to 98 % fill rate | C89: 18490.118 | D89: ='Three policies'!I9 -> 18490.118 | E89: =ABS(C89-D89) -> 1.8614082e-07 | F89: =IF(E89<=0.000000001*MAX(1,ABS(C89)),"OK","CHECK") -> OK
B90: Total cost gap, board vote to economic optimum | C90: 2168.9359 | D90: ='Three policies'!I10 -> 2168.9359 | E90: =ABS(C90-D90) -> 6.5847416e-09 | F90: =IF(E90<=0.000000001*MAX(1,ABS(C90)),"OK","CHECK") -> OK
B91: Whole dispute over the service level, 97 % to 99.5 % | C91: 6197.7167 | D91: ='Three policies'!I11 -> 6197.7167 | E91: =ABS(C91-D91) -> 1.200533e-08 | F91: =IF(E91<=0.000000001*MAX(1,ABS(C91)),"OK","CHECK") -> OK
B92: Fill rate obtained by the second policy | C92: 0.98 | D92: ='Fill rate solver'!C18 -> 0.98 | E92: =ABS(C92-D92) -> 1.1890489e-13 | F92: =IF(E92<=0.000000001*MAX(1,ABS(C92)),"OK","CHECK") -> OK
